AoeStats
← Ancrypto

Lombardia

509935365Analyzed
2v2 RM · 2d ago on Sep 28, 2026· 33m 42s· 4 players
Game mode
Random Map
Map size
Medium (4 player)
Population
200
Speed
Normal
Resources
Standard
Victory
Conquest
Starting age
Dark Age
Ending age
Imperial Age
RankedLock teamsTeams togetherTeam positionsShared explorationLock speedFull tech treeHidden civsTurbo modeCheats
Victory
Defeat
🇲🇽 Vietnamese · Mexico
871
+16
🇲🇽 Poles · Mexico
853
+16
🇳🇱 Portuguese · Netherlands
866
-43
🇳🇱 Spanish · Netherlands
866
-43
Creizyllama
4:12 Loom
10:47 Feudal Age
11:24 Double-Bit Axe
11:33 Horse Collar
13:59 Wheelbarrow
13:59 Stone Mining
17:07 Gold Mining
22:20 Castle Age
21:35 Bloodlines
21:33 Scale Barding Armor
21:38 Forging
26:09 Bow Saw
26:51 Stone Shaft Mining
26:45 Heavy Plow
26:55 Husbandry
26:16 Light Cavalry
30:24 Hand Cart
31:24 Iron Casting
31:10 Chain Barding Armor
mariusly1
7:16 Loom
9:49 Feudal Age
16:21 Double-Bit Axe
16:18 Horse Collar
20:30 Castle Age
20:11 Fletching
21:06 Crossbowman
23:19 Gold Mining
25:06 Bodkin Arrow
31:01 Thumb Ring
Licrovan
12:10 Feudal Age
14:26 Horse Collar
14:34 Double-Bit Axe
15:03 Loom
18:59 Castle Age
21:13 Light Cavalry
22:02 Scale Barding Armor
21:58 Scale Mail Armor
22:09 Forging
25:44 Bow Saw
27:40 Chain Barding Armor
27:36 Chain Mail Armor
27:22 Padded Archer Armor
27:57 Iron Casting
27:12 Fletching
27:41 Elite Skirmisher
28:31 Heavy Plow
Ancrypto
12:17 Feudal Age
21:44 Padded Archer Armor
21:57 Scale Barding Armor
27:20 Castle Age
Connection lost

Rejoining the realm…

Still unreachable

The connection could not be restored.

Session expired

The server has moved on; the page needs a fresh start.